 Dungeon Crawl Stone Soup version 0.30-b1-2-g02819fbbbe (webtiles) character file.

Game seed: 12165026662129307931

2042567 p0werm0de the Executioner (level 21, 97/180 (184) HPs)
             Began as a Minotaur Fighter on Oct 12, 2023.
             Was the Champion of Cheibriados.
             Escaped with the Orb
             ... and 3 runes!
             The game lasted 00:24:48 (39581 turns).

p0werm0de the Executioner (Minotaur Fighter)       Turns: 39581, Time: 00:24:48

HP:   97/180 (184)  AC: 41    Str: 42    XL:     21   Next: 15%
MP:   31/31         EV: 20    Int: 20    God:    Cheibriados [******]
Gold: 218           SH: 31    Dex: 31    Spells: 20/20 levels left

rFire   + + .        a - +9 broad axe (protect)
rCold   + . .        R - +0 tower shield
rNeg    . . .        L - +3 gold dragon scales
rPois   +            (helmet restricted)
rElec   .            Q - +0 cloak
rCorr   .            y - +2 pair of gloves {Dex+3}
SInv    .            r - +2 pair of boots {Fly}
Will    ++...        m - amulet of reflection Stlth
                     f - ring of protection from fire
HPRegen 0.50/turn    K - ring "Seips" {Will+ AC+4 Slay+2}
MPRegen 0.22/turn

%: reflection
@: flying, studying Evocations, lightly drained, very slow
A: horns 2, retaliatory headbutt, talons 1, iridescent scales 1, deterioration
1, frail 1, shaggy fur 1, weak 1
0: Orb of Zot
}: 3/15 runes: serpentine, barnacled, abyssal
a: Renounce Religion, Bend Time, Temporal Distortion, Slouch, Step From Time


You escaped.
You worshipped Cheibriados.
Cheibriados was exalted by your worship.
You visited 8 branches of the dungeon, and saw 38 of its levels.
You visited the Abyss 1 time.
You visited 1 bazaar.
You also visited: Bailey and Ice Cave.

You collected 3266 gold pieces.
You spent 3048 gold pieces at shops.

Inventory:

Hand Weapons
 a - a +9 broad axe of protection (weapon)
   (You took it off an orc warlord in a bailey)
 b - a +0 short sword of distortion
   (You took it off Sonja on level 1 of the Orcish Mines)
 Z - a +3 war axe of electrocution
   (You acquired it on level 5 of the Dungeon)
Missiles
 h - 5 curare-tipped darts
 W - 3 throwing nets (quivered)
Armour
 r - a +2 pair of boots of flying (worn)
   (You acquired it on level 4 of the Dungeon)
 y - a +2 pair of gloves of dexterity (worn)
   (You found it on level 6 of the Dungeon)
 L - +3 gold dragon scales (worn)
   (You found it on level 1 of the Realm of Zot)
 Q - a +0 cloak (worn)
   (You found it on level 11 of the Dungeon)
 R - a +0 tower shield (worn)
   (You found it on level 12 of the Dungeon)
Jewellery
 f - a ring of protection from fire (left hand)
   (You found it on level 3 of the Lair of Beasts)
 j - a +4 ring of slaying
   (You found it on level 6 of the Dungeon)
 k - the ring "Watupt Qywk" {rF- rC+ rCorr Str+5}
   (You bought it in a shop on level 4 of the Depths)

   [ring of resist corrosion]

   Str:       It affects your strength (+5).
   rF:        It makes you vulnerable to fire.
   rC:        It protects you from cold.
   rCorr:     It protects you from acid and corrosion.
 m - an amulet of reflection (around neck)
   (You found it on level 11 of the Dungeon)
 K - the ring "Seips" (right hand) {Will+ AC+4 Slay+2}
   (You took it off an orc wizard on level 7 of the Dungeon)

   [ring of protection]

   AC:        It affects your AC (+4).
   Slay:      It affects your accuracy & damage with ranged weapons and melee
   (+2).
   Will:      It increases your willpower.
 O - a ring of fire
   (You took it off a fire giant on level 3 of the Depths)
 S - the ring "Sirownan" {+Blink EV+5}
   (You found it in an ice cave)

   [ring of evasion]

   EV:        It affects your evasion (+5).
   +Blink:    It lets you blink.
 U - the ring of Qisuerel {rPois rCorr}
   (You bought it in a shop on level 2 of the Orcish Mines)

   [ring of poison resistance]

   rPois:     It protects you from poison.
   rCorr:     It protects you from acid and corrosion.
Wands
 p - a wand of light (4)
   (You found it on level 4 of the Depths)
 v - a wand of digging (13)
   (You took it off Terence on level 3 of the Dungeon)
 E - a wand of mindburst (33)
   (You took it off Pikel on level 5 of the Dungeon)
 G - a wand of paralysis (15)
   (You found it on level 7 of the Dungeon)
 P - a wand of roots (25)
   (You took it off a centaur on level 7 of the Dungeon)
Scrolls
 c - 2 scrolls of torment
 e - 2 scrolls of silence
 l - 8 scrolls of fog
 t - 10 scrolls of teleportation
 u - 2 scrolls of poison
 z - a scroll of blinking
 A - a scroll of enchant weapon
 C - a scroll of summoning
 F - 4 scrolls of fear
 H - 2 scrolls of immolation
 N - a scroll of magic mapping
Potions
 d - 2 potions of might
 g - 2 potions of invisibility
 i - 3 potions of berserk rage
 n - 4 potions of resistance
 o - 7 potions of flight
 q - 12 potions of curing
 s - 10 potions of attraction
 B - a potion of cancellation
 D - 3 potions of magic
 J - a potion of mutation
 M - 3 potions of ambrosia
Miscellaneous
 x - a tin of tremorstones (2/2)
   (You found it on level 9 of the Dungeon)


   Skills:
 * Level 21.6 Fighting
 * Level 21.7 Axes
 * Level 19.1 Armour
 + Level 12.9 Dodging
 * Level 19.2 Shields
 * Level 15.6 Invocations
 + Level 12.3 Evocations


You had 20 spell levels left.
You didn't know any spells.
Your spell library contained the following spells:

 Spells                   Type           Power      Damage    Failure   Level
 Beastly Appendage        Tmut           0%         N/A       83%         1
 Slow                     Hex            0%         N/A       83%         1
 Cigotuvi's Dreadful Rot  Necr/Pois/Air  0%         N/A       93%         2
 Static Discharge         Conj/Air       0%         2-2/arc   93%         2
 Sublimation of Blood     Necr           0%         N/A       93%         2
 Wereblood                Tmut           0%         N/A       93%         2
 Confusing Touch          Hex            0%         N/A       99%         3
 Gell's Gravitas          Tloc           0%         N/A       99%         3
 Ignite Poison            Fire/Tmut/Pois 0%         N/A       99%         3
 Spider Form              Tmut/Pois      0%         N/A       99%         3
 Summon Guardian Golem    Hex/Summ       0%         N/A       99%         3
 Teleport Other           Tloc           0%         N/A       99%         3
 Tukima's Dance           Hex            0%         N/A       99%         3
 Vampiric Draining        Necr           0%         2d6       99%         3
 Vhi's Electric Charge    Tloc/Air       0%         N/A       99%         3
 Volatile Blastmotes      Fire/Tloc      0%         2d10      99%         3
 Airstrike                Air            0%         2d(0-16)  100%        4
 Anguish                  Hex/Necr       0%         N/A       100%        4
 Animate Dead             Necr           0%         N/A       100%        4
 Dispel Undead            Necr           0%         3d6       100%        4
 Iskenderun's Mystic Bla  Conj/Tloc      0%         2d3       100%        4
 Passage of Golubria      Tloc           0%         N/A       100%        4
 Petrify                  Tmut/Erth      0%         N/A       100%        4
 Summon Lightning Spire   Summ/Air       0%         N/A       100%        4
 Arcjolt                  Conj/Air       0%         1d10      100%        5
 Freezing Cloud           Conj/Ice/Air   0%         6-21      100%        5
 Irradiate                Conj/Tmut      0%         3d11      100%        5
 Silence                  Hex/Air        0%         N/A       100%        5
 Yara's Violent Unravell  Hex/Tmut       0%         3d3       100%        5
 Death Channel            Necr           0%         N/A       100%        6
 Dispersal                Tloc           0%         N/A       100%        6
 Plasma Beam              Fire/Air       0%         2x1d11    100%        6
 Enfeeble                 Hex            0%         N/A       100%        7
 Haunt                    Necr/Summ      0%         N/A       100%        7
 Summon Hydra             Summ           0%         N/A       100%        7
 Disjunction              Tloc           0%         N/A       100%        8
 Infestation              Necr           0%         N/A       100%        8
 Lehudib's Crystal Spear  Conj/Erth      0%         10d2      100%        8
 Summon Horrible Things   Summ           0%         N/A       100%        8
 Chain Lightning          Conj/Air       0%         N/A       100%        9
 Fire Storm               Conj/Fire      0%         5d1       100%        9
 Shatter                  Erth           0%         3d5*      100%        9


Dungeon Overview and Level Annotations

Branches:
Dungeon (15/15)            Temple (1/1) D:5            Lair (3/5) D:9
 Shoals (4/4) Lair:3        Snake (4/4) Lair:2          Orc (2/2) D:12
    Elf (0/3) Orc:2        Vaults (0/5) D:14         Depths (4/4) D:15
    Zot (5/5) Depths:4     Bailey (visited)           IceCv (visited)

Altars:
Ashenzari
Cheibriados
Dithmenos
Elyvilon
Fedhas
Gozag
Hepliaklqana
Makhleb
Nemelex Xobeh
Okawaru
Qazlal
Ru
Trog
Uskayaw
Vehumet
Wu Jian
Xom
Yredelemnul
Zin
The Shining One

Shops:
D:8 =   Orc:2 ([*=   Snake:2 ==:   Snake:4 :   Depths:4 *

Portals:
Hell: Depths:1 Depths:2 Depths:3 Depths:4
Abyss: D:13
Pandemonium: Depths:2 Depths:3 Depths:4

Annotations:
D:5 2 transporters, NimIero's ghost, amateur MiMo
D:13 2 transporters, Mebb's ghost, journeyman SpEn


Innate Abilities, Weirdness & Mutations

You have a pair of horns on your head.
You reflexively headbutt those who attack you in melee.
You have sharp toenails.
You are partially covered in iridescent scales. (AC +2)
Your body sometimes deteriorates upon taking damage.
You are frail. (-10% HP)
You are covered in fur. (AC +1)
You are weak. (Str -2)


Message History

You are too injured to fight recklessly!
You are too injured to fight recklessly!
You are too injured to fight recklessly!
You are too injured to fight recklessly!
You are too injured to fight recklessly!
You can't go up here!
You block the Orb Guardian's attack.
You hit the Orb Guardian but do no damage.
Your weapon exudes an aura of protection.
You block the Orb Guardian's attack.
You slice the Orb Guardian!!
The Orb Guardian is moderately wounded.
You block the Orb Guardian's attack.
You hit the Orb Guardian but do no damage.
Your headbutt misses the Orb Guardian.
The Orb Guardian is moderately wounded.
You block the Orb Guardian's attack.
You barely miss the Orb Guardian. Your headbutt misses the Orb Guardian.
The Orb Guardian is moderately wounded.
You block the Orb Guardian's attack.
You closely miss the Orb Guardian.
The Orb Guardian is moderately wounded.
You block the Orb Guardian's attack.
You closely miss the Orb Guardian. You headbutt the Orb Guardian!
The Orb Guardian is heavily wounded.
You block the Orb Guardian's attack.
You slice the Orb Guardian!! You headbutt the Orb Guardian!
The Orb Guardian is almost dead.
You block the Orb Guardian's attack.
You slice the Orb Guardian!!
You kill the Orb Guardian!
Cheibriados thoroughly appreciates the change of pace.
(D) Dungeon (T) Temple (L) Lair (A) Shoals (P) Snake Pit (O) Orcish Mines (E) Elven Halls (V) Vaults (U) Depths (H) Hell (Z) Zot
Where to? (Enter - D:1 @ (x,y), ? - help)
You see here a +0 dagger.
There is a staircase leading out of the dungeon here.
Unknown command.
You have escaped!

##..##...#
#.##PP~#
.#..##.###
#~~P##.#
.....#.#
#PP~##.#
##...#.#
#~PP...#
#.###..
P~#####.#
#.# #.#
P~~ #.#
#.#
#.##PPP
###.# ..#
P## #.).#
### #.@.#
.........#
##########


There were no monsters in sight!

Vanquished Creatures
  An orb of fire (Zot:3)
  A Killer Klown (Zot:4)
  A caustic shrike (Depths:3)
  10 golden dragons
  Jory (Depths:4)
  2 bone dragons (Depths:4)
  2 Tzitzimimeh
  A Brimstone Fiend (D:13)
  Jorgrun (Snake:2)
  5 tentacled monstrosities
  A walking crystal tome (Depths:2)
  A lich (Depths:3)
  3 Orb Guardians
  Polyphemus (Shoals:4)
  2 quicksilver dragons (Zot:2)
  3 death cobs
  3 sphinxes
  2 tentacled starspawn (Abyss:3)
  2 tengu reavers (Depths:2)
  Kirke (Shoals:4)
  4 shadow dragons
  5 storm dragons
  2 azure jellies (IceCv)
  A demonspawn warmonger (D:2)
  7 fire giants
  11 nagarajas
  A draconian monk (Zot:3)
  7 frost giants
  Aizul (Snake:3)
  Louise (Snake:4)
  2 iron dragons (Depths:3)
  A ghost moth (Zot:3)
  3 orc warlords
  A juggernaut zombie (D:15)
  An ironbound preserver (D:14)
  A spriggan defender (Depths:3)
  A draconian shifter (Depths:4)
  A demonspawn corrupter (D:2)
  6 stone giants
  A reaper (D:2)
  A green draconian (Zot:2)
  A quicksilver ooze (IceCv)
  5 very ugly things
  2 purple draconians (Depths:4)
  4 vampire knights
  2 black draconians
  Azrael (Snake:2)
  2 red draconians
  2 lorocyprocas
  10 ettins
  7 spark wasps
  A yellow draconian (Zot:3)
  2 white draconians
  2 merfolk javelineers
  The ghost of KuroJack the Severer, a journeyman MiBe of Trog (D:9)
  4 merfolk impalers
  4 fire dragons
  4 rakshasas
  5 hydras
  5 salamander tyrants
  4 spriggan air magi (Depths:2)
  14 anacondas
  10 ice dragons
  7 two-headed ogres
  4 centaur warriors
  2 merfolk avatars
  3 boulder beetles
  4 merfolk aquamancers
  A catoblepas (Shoals:4)
  2 satyrs (Shoals:3)
  14 deep troll shamans
  An alligator snapping turtle (Shoals:1)
  12 naga warriors
  4 tengu warriors
  8 death yaks
  4 spriggan berserkers
  5 shock serpents
  6 deep troll earth magi
  A vampire mage (D:15)
  Urug (Orc:1)
  4 orc high priests (Orc:2)
  14 hell knights (Depths:2)
  15 naga sharpshooters
  Sonja (Orc:1)
  Nergalle (Orc:1)
  A skeletal warrior (D:15)
  Amaemon (Lair:2)
  4 iron trolls
  A wretched star (Abyss:3)
  7 salamander mystics (Snake:4)
  A sixfirhy (Depths:3)
  3 flayed ghosts
  4 glowing orange brains
  18 deep trolls
  4 skysharks
  5 sea snakes
  30 slime creatures
  A quicksilver dragon simulacrum (Depths:2)
  A wizard (D:14)
  5 orc knights
  6 necromancers
  Pikel (D:5)
  6 naga ritualists
  A deep elf pyromancer (D:14)
  19 ugly things
  6 mana vipers
  2 fire giant zombies (D:15)
  4 orc sorcerers
  A frost giant zombie (Depths:3)
  24 harpies
  14 fauns
  5 moths of wrath
  23 salamanders
  14 manticores
  5 cyclopes
  An iron dragon skeleton (Depths:3)
  9 elephants
  2 water nymphs
  3 ice statues
  8 merfolk sirens
  4 guardian serpents
  Joseph (D:8)
  39 black mambas
  20 naga magi
  8 cane toads
  An orange demon (Lair:2)
  3 smoke demons
  2 torpor snails
  A gargoyle (D:11)
  A kobold demonologist (D:12)
  4 rime drakes
  A hellion (D:8)
  2 efreet
  A guardian mummy (D:15)
  3 freezing wraiths
  6 komodo dragons
  16 merfolk
  3 red devils
  An ice devil (Lair:3)
  5 tengu conjurers
  7 wind drakes
  A hellwing (Depths:3)
  4 trolls
  A meliai (shapeshifter) (Depths:3)
  3 meliai (D:15)
  Prince Ribbit (D:8)
  4 hornets
  3 raiju (Abyss:3)
  4 polar bears
  12 snapping turtles
  A sphinx simulacrum (Depths:2)
  A fire giant simulacrum (Depths:2)
  2 shadows
  3 wraiths
  3 spriggans (Depths:2)
  2 wyverns (Lair:3)
  2 fire elementals (Snake:2)
  A ynoxinul (Depths:3)
  3 vampires
  32 yaks
  7 hogs (Shoals:4)
  A large abomination (Depths:4)
  7 water elementals
  A chaos spawn (Depths:3)
  Eustachio (D:5)
  7 basilisks
  3 vampire mosquitoes (D:14)
  3 neqoxecs
  17 water moccasins
  4 acid dragons
  2 wargs
  3 hell hounds (Snake:2)
  51 nagas
  Duvessa (D:4)
  A black bear (D:7)
  Pargi (D:3)
  3 sky beasts (D:7)
  6 ice beasts
  58 orc warriors
  A great orb of eyes simulacrum (IceCv)
  2 wolves
  10 ogres
  8 centaurs
  A lemure (D:5)
  A slime creature simulacrum (IceCv)
  2 phantoms
  3 kobold brigands
  Blork the orc (D:5)
  8 bullfrogs
  3 gnoll sergeants (D:8)
  3 scorpions
  2 two-headed ogre simulacra (Lair:3)
  2 glowing shapeshifter simulacra (IceCv)
  Dowan (D:4)
  10 killer bees
  2 tengu zombies
  19 howler monkeys
  2 electric eels (Lair:3)
  2 lava snakes (D:11)
  2 jellies (D:7)
  32 orc priests
  2 sleepcaps
  11 starcursed masses (Abyss:3)
  6 hounds (D:8)
  4 gnoll boudas (D:8)
  4 iguanas
  Terence (D:3)
  34 orc wizards
  3 shapeshifter simulacra (IceCv)
  2 spriggan simulacra (Lair:3)
  A small abomination (Depths:4)
  A troll simulacrum (Lair:3)
  A polar bear simulacrum (Lair:3)
  Robin (D:4)
  13 gnolls
  5 adders
  12 white imps (Orc:2)
  2 ufetubi
  A worm (D:2)
  4 dart slugs
  131 orcs
  3 endoplasms
  A giant cockroach (D:3)
  20 goblins
  17 hobgoblins
  3 jackals (D:2)
  11 kobolds
  2 quokkas (D:4)
  5 ball pythons
  A bat (D:1)
  3 frilled lizards
  3 rats (D:3)
  A bush (Shoals:3)
  2 starspawn tentacles (Abyss:3)
1366 creatures vanquished.

Vanquished Creatures (collateral kills)
  Josephina (Depths:2)
  A fire dragon (Depths:2)
  A deep troll earth mage (Depths:2)
  2 hell knights (Depths:2)
  A deep troll (Depths:2)
6 creatures vanquished.

Vanquished Creatures (others)
  A stone giant (Depths:4)
  A merfolk aquamancer (Shoals:4)
  A salamander mystic (Snake:2)
  A spriggan simulacrum (Depths:2)
  A manticore (Shoals:1)
  A polar bear (Lair:3)
  12 fungi
  36 plants
  7 withered plants (D:15)
61 creatures vanquished.

Grand Total: 1433 creatures vanquished

Notes
Turn   | Place    | Note
-------+----------+-------------------------------------------
     0 | D:1      | p0werm0de the Minotaur Fighter began the quest for the Orb.
     0 | D:1      | Reached XP level 1. HP: 19/19 MP: 0/0
    98 | D:1      | Reached XP level 2. HP: 11/27 MP: 1/1
   553 | D:2      | Reached XP level 3. HP: 31/33 MP: 2/2
   766 | D:3      | Noticed Terence
   775 | D:3      | Killed Terence
   776 | D:3      | Reached skill level 1 in Dodging
   776 | D:3      | Reached XP level 4. HP: 38/41 MP: 3/3
   814 | D:3      | Noticed Pargi
   821 | D:3      | Killed Pargi
   822 | D:3      | Reached XP level 5. HP: 39/47 MP: 4/4
   870 | D:3      | Found a sacrificial altar of Ru.
  1390 | D:4      | Noticed Duvessa
  1391 | D:4      | Noticed Dowan
  1396 | D:4      | Killed Duvessa
  1397 | D:4      | Reached skill level 5 in Fighting
  1397 | D:4      | Reached skill level 5 in Armour
  1397 | D:4      | Reached skill level 5 in Shields
  1397 | D:4      | Reached XP level 6. HP: 55/56 MP: 5/5
  1405 | D:4      | Killed Dowan
  1534 | D:4      | Identified a scroll of acquirement
  1534 | D:4      | Acquired a +2 pair of boots of flying
  1850 | D:4      | Noticed Robin
  1860 | D:4      | Killed Robin
  2217 | D:5      | Entered Level 5 of the Dungeon
  2331 | D:5      | Noticed Blork the orc
  2342 | D:5      | Killed Blork the orc
  2343 | D:5      | Reached XP level 7. HP: 46/61 MP: 6/6
  2414 | D:5      | Reached skill level 5 in Axes
  2503 | D:5      | Acquired a +3 war axe of electrocution
  2552 | D:5      | Found a transporter.
  2694 | D:5      | Noticed Eustachio
  2704 | D:5      | Killed Eustachio
  2742 | D:5      | Found a staircase to the Ecumenical Temple.
  2787 | D:5      | Found a sparkling altar of Nemelex Xobeh.
  2824 | D:5      | Reached XP level 8. HP: 64/71 MP: 7/7
  2848 | Temple   | Entered the Ecumenical Temple
  2970 | Temple   | Became a worshipper of Cheibriados the Contemplative
  2993 | D:5      | Noticed NimIero's ghost (amateur MiMo)
  3053 | D:5      | Found a transporter.
  3059 | D:5      | Noticed Pikel
  3067 | D:5      | Killed Pikel
  3068 | D:5      | Reached skill level 1 in Invocations
  3193 | D:5      | Reached skill level 1 in Evocations
  3950 | D:6      | Reached XP level 9. HP: 79/79 MP: 9/9
  4115 | D:7      | Reached * piety under Cheibriados
  4226 | D:7      | Found a flagged portal.
  4244 | Bailey   | Entered a bailey
  4411 | Bailey   | Reached ** piety under Cheibriados
  4694 | Bailey   | Noticed an orc knight
  4694 | Bailey   | Noticed an orc warlord
  4714 | Bailey   | Killed an orc warlord
  4715 | Bailey   | Reached XP level 10. HP: 42/90 MP: 12/12
  4743 | Bailey   | Killed an orc knight
  4923 | Bailey   | Reached XP level 11. HP: 95/95 MP: 13/13
  5109 | D:7      | Reached *** piety under Cheibriados
  5141 | D:7      | Noticed a two-headed ogre
  5147 | D:7      | Killed a two-headed ogre
  5165 | D:7      | Reached skill level 5 in Invocations
  5170 | D:7      | Identified the ring "Seips" {Will+ AC+4 Slay+2}
  5237 | D:7      | Reached skill level 5 in Dodging
  5244 | D:7      | Identified the ring of Fun {Will+ MP+9}
  5244 | D:7      | Identified the staff of earth "Yhywuene" {rF+ Str+3 Int+2
                  | Dex-2}
  5611 | D:7      | Found a basalt altar of Yredelemnul.
  5674 | D:7      | Found a white marble altar of Elyvilon.
  5713 | D:8      | Noticed Joseph
  5720 | D:8      | Killed Joseph
  5977 | D:8      | Found Oproaleh's Jewellery Shoppe.
  6116 | D:8      | Reached **** piety under Cheibriados
  6261 | D:8      | Noticed Prince Ribbit
  6263 | D:8      | Killed Prince Ribbit
  6499 | D:8      | Noticed a two-headed ogre
  6509 | D:8      | Killed a two-headed ogre
  6526 | D:8      | Reached ***** piety under Cheibriados
  6531 | D:8      | Reached XP level 12. HP: 85/106 MP: 15/15
  7230 | D:9      | Reached skill level 10 in Fighting
  7232 | D:9      | Reached ****** piety under Cheibriados
  7233 | D:9      | Reached skill level 10 in Armour
  7248 | D:9      | Reached skill level 10 in Shields
  7278 | D:9      | Found a staircase to the Lair.
  7422 | D:9      | Found a runed translucent gate.
  7423 | D:9      | Found a runed translucent gate.
  7423 | D:9      | Identified the +1 plate armour of Dyspraxia {Will+}
  7423 | D:9      | Noticed KuroJack's ghost (journeyman MiBe)
  7424 | D:9      | Found a runed translucent gate.
  7660 | D:9      | Killed KuroJack's ghost
  7784 | D:10     | Entered Level 10 of the Dungeon
  7913 | D:10     | Noticed a two-headed ogre
  7917 | D:10     | Killed a two-headed ogre
  8825 | D:11     | Noticed a boulder beetle
  8828 | D:11     | Noticed a two-headed ogre
  8833 | D:11     | Killed a boulder beetle
  8837 | D:11     | Killed a two-headed ogre
  9097 | D:11     | Reached skill level 15 in Axes
  9142 | D:11     | Noticed a two-headed ogre
  9145 | D:11     | Killed a two-headed ogre
  9177 | D:11     | Noticed a two-headed ogre
  9181 | D:11     | Killed a two-headed ogre
  9794 | D:12     | Found a shimmering altar of Xom.
  9812 | D:12     | Noticed a centaur warrior
  9821 | D:12     | Killed a centaur warrior
  9976 | D:12     | Reached XP level 13. HP: 116/116 MP: 17/17
 10222 | D:12     | Found a staircase to the Orcish Mines.
 10664 | Orc:1    | Entered Level 1 of the Orcish Mines
 10683 | Orc:1    | Noticed an ettin
 10692 | Orc:1    | Killed an ettin
 10917 | Orc:2    | Entered Level 2 of the Orcish Mines
 10917 | Orc:2    | Found a staircase to the Elven Halls.
 11020 | Orc:2    | Noticed an orc warlord
 11028 | Orc:2    | Reached skill level 5 in Evocations
 11033 | Orc:2    | Killed an orc warlord
 11243 | Orc:2    | Found a frozen archway.
 11251 | IceCv    | Entered an ice cave
 11532 | IceCv    | Found a viscous altar of Jiyva.
 11532 | IceCv    | Noticed an azure jelly
 11537 | IceCv    | Killed an azure jelly
 11540 | IceCv    | Noticed an azure jelly
 11544 | IceCv    | Killed an azure jelly
 11562 | IceCv    | Identified the ring "Sirownan" {+Blink EV+5}
 11651 | IceCv    | Noticed a quicksilver ooze
 11655 | IceCv    | Killed a quicksilver ooze
 11785 | Orc:2    | Noticed an orc warlord
 11803 | Orc:2    | Killed an orc warlord
 12272 | Orc:1    | Noticed Sonja
 12272 | Orc:1    | Noticed Nergalle
 12272 | Orc:1    | Noticed Urug
 12277 | Orc:1    | Killed Sonja
 12282 | Orc:1    | Killed Urug
 12283 | Orc:1    | Reached XP level 14. HP: 73/125 MP: 19/19
 12286 | Orc:1    | Killed Nergalle
 12718 | Orc:2    | Found Decuckug's Antique Armour Shoppe.
 12719 | Orc:2    | Found Zepuq's Antique Weapon Emporium.
 12721 | Orc:2    | Found Egirchiebb's General Store.
 12721 | Orc:2    | Found Xowet's Jewellery Shoppe.
 12726 | Orc:2    | Bought a scroll of teleportation for 45 gold pieces
 12727 | Orc:2    | Bought the ring of Qisuerel {rPois rCorr} for 456 gold
                  | pieces
 12952 | Lair:1   | Entered Level 1 of the Lair of Beasts
 13785 | Lair:2   | Noticed Amaemon
 13794 | Lair:2   | Killed Amaemon
 14214 | Lair:2   | Found a staircase to the Snake Pit.
 14353 | Lair:2   | You are sucked into a shaft and drop 1 floor!
 14527 | Lair:3   | Found a staircase to the Shoals.
 15662 | Shoals:1 | Entered Level 1 of the Shoals
 15681 | Shoals:1 | Reached XP level 15. HP: 109/136 MP: 21/21
 16104 | Shoals:1 | Reached skill level 10 in Invocations
 18147 | Shoals:3 | Identified the ring of the Gloaming {MP+9 Str+2 Int+4}
 18201 | Shoals:4 | Entered Level 4 of the Shoals
 18490 | Shoals:4 | Reached XP level 16. HP: 147/147 MP: 23/23
 18559 | Shoals:4 | Noticed Polyphemus
 18569 | Shoals:4 | Killed Polyphemus
 18796 | Shoals:4 | Got the Tome of the Sizzling Congregation
 18834 | Shoals:4 | Noticed Kirke
 18849 | Shoals:4 | Killed Kirke
 18932 | Shoals:4 | Got a barnacled rune of Zot
 19647 | Snake:1  | Entered Level 1 of the Snake Pit
 20376 | Snake:2  | Reached skill level 15 in Fighting
 20381 | Snake:2  | Reached skill level 15 in Armour
 20644 | Snake:2  | Reached skill level 15 in Shields
 20896 | Snake:2  | Noticed Azrael
 20903 | Snake:2  | Killed Azrael
 21122 | Snake:2  | Noticed Jorgrun
 21135 | Snake:2  | Killed Jorgrun
 21469 | Snake:2  | Found Qoyd Ang's Book Emporium.
 21469 | Snake:2  | Found Wusigud's Jewellery Shop.
 21470 | Snake:2  | Found Loirhaust's Jewellery Shop.
 21708 | Snake:3  | Reached skill level 10 in Dodging
 21734 | Snake:3  | Reached XP level 17. HP: 58/156 MP: 24/24
 22504 | Snake:3  | Noticed Aizul
 22518 | Snake:3  | Killed Aizul
 23375 | Snake:4  | Entered Level 4 of the Snake Pit
 23606 | Snake:4  | Acquired a manual of Fighting
 24429 | Snake:4  | Found Terchu Voojo's Book Emporium.
 24639 | Snake:4  | Acquired a manual of Evocations
 25126 | Snake:4  | Reached XP level 18. HP: 168/168 MP: 26/26
 25274 | Snake:4  | Got a serpentine rune of Zot
 25425 | Snake:4  | Noticed Louise
 25437 | Snake:4  | Killed Louise
 25862 | D:13     | Found a transporter.
 25864 | D:13     | Found a transporter.
 26016 | D:13     | Noticed Mebb's ghost (journeyman SpEn)
 26018 | D:13     | Found a one-way gate to the infinite horrors of the Abyss.
 27247 | D:14     | Found a gate to the Vaults.
 27398 | D:15     | Entered Level 15 of the Dungeon
 27495 | D:15     | Found a staircase to the Depths.
 27568 | D:15     | Identified the +0 scale mail of Articulation {rPois rF++}
 27905 | Depths:1 | Entered Level 1 of the Depths
 27910 | Depths:1 | Found a hazy altar of Hepliaklqana.
 28152 | Depths:1 | Found a flickering gateway to a bazaar.
 28165 | Bazaar   | Entered a bazaar
 28165 | Bazaar   | Found Ascheoff's Distillery.
 28403 | Bazaar   | Bought a potion of heal wounds for 60 gold pieces
 28403 | Bazaar   | Bought a potion of heal wounds for 60 gold pieces
 28403 | Bazaar   | Bought a potion of invisibility for 96 gold pieces
 28403 | Bazaar   | Bought a potion of curing for 36 gold pieces
 28408 | Bazaar   | Found Kokor's Antique Armour Emporium.
 28435 | Bazaar   | Found Mamudey's Jewellery Boutique.
 28448 | Bazaar   | Found Yrhema's Assorted Antiques.
 28456 | Bazaar   | Bought a potion of curing for 75 gold pieces
 28456 | Bazaar   | Bought a potion of curing for 75 gold pieces
 28456 | Bazaar   | Bought 2 potions of curing for 150 gold pieces
 28456 | Bazaar   | Bought a scroll of magic mapping for 187 gold pieces
 28764 | Depths:1 | Found a gateway to Hell.
 29029 | Depths:2 | Identified the ring "Poliow" {Ice Int+3 SInv}
 29029 | Depths:2 | Noticed Josephina
 29395 | Depths:2 | Killed Josephina
 29409 | Depths:2 | Reached skill level 10 in Evocations
 29879 | Depths:2 | Found a broken altar of Ashenzari.
 29887 | Depths:2 | Reached XP level 19. HP: 174/180 MP: 28/28
 30121 | Depths:2 | HP: 5/181 [spriggan berserker/+0 war axe (14)]
 31727 | Depths:2 | Noticed a golden dragon
 31737 | Depths:2 | Killed a golden dragon
 32253 | Depths:2 | Found a one-way gate leading to the halls of Pandemonium.
 32253 | Depths:2 | Gained mutation: You do not regenerate when monsters are
                  | visible. [a neqoxec]
 32939 | Depths:2 | Got the Grimoire of Distance
 33501 | Depths:3 | Noticed a golden dragon
 33508 | Depths:3 | Killed a golden dragon
 33530 | Depths:3 | Lost mutation: You do not regenerate when monsters are
                  | visible. [potion of mutation]
 33530 | Depths:3 | Gained mutation: Your spells are a little easier to cast,
                  | but a little less powerful. [potion of mutation]
 33530 | Depths:3 | Gained mutation: You sometimes lose your temper in combat.
                  | [potion of mutation]
 33530 | Depths:3 | Gained mutation: You are robust. (+10% HP) [potion of
                  | mutation]
 33531 | Depths:3 | Lost mutation: You are robust. (+10% HP) [potion of
                  | mutation]
 33531 | Depths:3 | Lost mutation: Your spells are a little easier to cast, but
                  | a little less powerful. [potion of mutation]
 33531 | Depths:3 | Lost mutation: You sometimes lose your temper in combat.
                  | [potion of mutation]
 33531 | Depths:3 | Gained mutation: You have hidden genetic potential. [potion
                  | of mutation]
 33531 | Depths:3 | Gained mutation: You are covered in fur. (AC +1) [potion of
                  | mutation]
 33903 | Depths:3 | Noticed a golden dragon
 33911 | Depths:3 | Killed a golden dragon
 34324 | Depths:3 | Noticed a golden dragon
 34337 | Depths:3 | Killed a golden dragon
 34619 | Depths:3 | Noticed a golden dragon
 34629 | Depths:3 | Killed a golden dragon
 34630 | Depths:3 | Reached XP level 20. HP: 95/193 MP: 29/29
 34915 | Depths:3 | Noticed a caustic shrike
 34920 | Depths:3 | Killed a caustic shrike
 35093 | Depths:4 | Entered Level 4 of the Depths
 35121 | Depths:4 | Noticed Jory
 35444 | Depths:4 | Killed Jory
 35605 | Depths:4 | Found an opulent altar of Gozag.
 35667 | Depths:4 | Found Hatotacvoi's Assorted Antiques.
 35685 | Depths:4 | Noticed a bone dragon
 35689 | Depths:4 | Noticed a bone dragon
 35703 | Depths:4 | Killed a bone dragon
 35705 | Depths:4 | Killed a bone dragon
 35916 | Depths:4 | Reached skill level 15 in Invocations
 35931 | Depths:4 | Gained mutation: You are agile. (Dex +4, Str/Int -1)
                  | [mutagenic glow]
 35936 | Depths:4 | Lost mutation: You are agile. (Dex +4, Str/Int -1)
                  | [mutagenic glow]
 36036 | Depths:4 | Bought a pitted turquoise ring for 200 gold pieces
 36036 | Depths:4 | Identified the ring "Watupt Qywk" {rF- rC+ rCorr Str+5}
                  | (You bought it in a shop on level 4 of the Depths)
 36036 | Depths:4 | Bought a scroll of blinking for 300 gold pieces
 36036 | Depths:4 | Bought a scroll of magic mapping for 300 gold pieces
 36036 | Depths:4 | Bought a wand of digging (6) for 1008 gold pieces
 36638 | Depths:4 | Found a gate to the Realm of Zot.
 36755 | Abyss:3  | Cast into level 3 of the Abyss (unwielding a weapon of
                  | distortion)
 36759 | Abyss:3  | Gained mutation: You are partially covered in iridescent
                  | scales. (AC +2) [mutagenic glow]
 36795 | Abyss:3  | Found a corrupted altar of Lugonu.
 36836 | Abyss:3  | Paralysed by accursed screaming for 2 turns
 36851 | Abyss:3  | Paralysed by accursed screaming for 1 turns
 36853 | Abyss:3  | Got an abyssal rune of Zot
 36993 | Abyss:4  | Found a corrupted altar of Lugonu.
 37006 | Depths:4 | Escaped the Abyss
 37309 | Zot:1    | Entered Level 1 of the Realm of Zot
 37502 | Zot:1    | Noticed a golden dragon
 37514 | Zot:1    | Killed a golden dragon
 38069 | Zot:3    | Noticed a golden dragon
 38069 | Zot:3    | Noticed a golden dragon
 38072 | Zot:3    | Noticed an orb of fire
 38074 | Zot:3    | Gained mutation: You are weak. (Str -2) [an orb of fire]
 38079 | Zot:2    | Killed a golden dragon
 38366 | Zot:3    | Lost mutation: You have hidden genetic potential. [an orb
                  | of fire]
 38367 | Zot:3    | Gained mutation: Your body sometimes deteriorates upon
                  | taking damage. [an orb of fire]
 38379 | Zot:3    | Killed a golden dragon
 38385 | Zot:3    | Killed an orb of fire
 38468 | Zot:4    | Noticed a golden dragon
 38483 | Zot:4    | Killed a golden dragon
 38489 | Zot:4    | Noticed a Killer Klown
 38501 | Zot:4    | Killed a Killer Klown
 38628 | Zot:5    | Entered Level 5 of the Realm of Zot
 38628 | Zot:5    | Noticed a golden dragon
 38637 | Zot:5    | Killed a golden dragon
 38656 | Zot:5    | Noticed an orb of fire
 38658 | Zot:5    | Gained mutation: You are frail. (-10% HP) [an orb of fire]
 38660 | Zot:5    | Noticed a Killer Klown
 38660 | Zot:5    | Noticed a Killer Klown
 38660 | Zot:5    | Noticed an orb of fire
 38660 | Zot:5    | Noticed a Killer Klown
 38660 | Zot:5    | Noticed a Killer Klown
 38660 | Zot:5    | Noticed a golden dragon
 38660 | Zot:5    | Gained mutation: You have sharp toenails. [an orb of fire]
 38666 | Zot:5    | Got the Orb of Zot
 38721 | Zot:3    | Reached XP level 21. HP: 55/184 MP: 20/31
 39059 | Depths:3 | Noticed a seraph
 39417 | D:6      | Noticed Qaycruig the pandemonium lord
 39581 | D:$      | Escaped with the Orb!

Illustrated notes

Levels and vault maps discovered:
D:1:      psy_arrival_conway, layout_loops_ring,
          chequers_ecumenical_altar_simple_redux, minmay_misc_feat_ornament,
          minmay_bisected
D:2:      layout_rooms
D:3:      layout_basic, nicolae_ru_awakened_eye, uniq_pargi, uniq_terence
D:4:      layout_cave_pods, uniq_robin, uniq_duvessa
D:5:      layout_loops_ring, nemelex_xobeh_ov_fountains_minmay, temple_pool_b,
          gammafunk_ghost_mausoleum, uniq_pikel, uniq_eustachio,
          uniq_blork_the_orc
D:6:      layout_gridville
D:7:      minmay_the_grid_triangle_9x9_recursive_2
          [minmay_the_grid_triangle_9x9_prize_top_heavy,
          minmay_the_grid_triangle_9x9_dagger,
          minmay_the_grid_triangle_9x9_wacky_v,
          minmay_the_grid_triangle_9x9_swiss_cheese], layout_basic,
          kennysheep_ying_yang, enter_bailey_2
D:8:      lemuel_castle_with_subvaults [lemuel_castle_interior_carwin_3],
          layout_basic, serial_shops, shop_coins, nrook_uturn, uniq_joseph,
          uniq_prince_ribbit1
D:9:      layout_rooms, hellmonk_lair_entry_icy, biasface_ghost_orc_armoury
D:10:     layout_stronghold
D:11:     layout_loops_corners, serial_rivers, chequers_serial_rivers_marsh,
          chequers_serial_rivers_small_a, chequers_serial_rivers_micro_e,
          chequers_serial_rivers_room_b, hangedman_decor_push, corner_web_ring,
          grunt_ministairs_5, grunt_decor_junction
D:12:     layout_stronghold, orc_0_dummy, xom_teletrap_fun
D:13:     layout_stronghold, serial_column_ruins, column_ruins_columns_straight,
          column_ruins_grid_3, column_ruins_open_tiny,
          gammafunk_ghost_abyssal_escape
D:14:     layout_big_octagon, skrybe_vaults_entry_preservation,
          nicolae_figureground_pulse, nicolae_figureground_sparkle
D:15:     gammafunk_depths_entry_grave, layout_loops_cross,
          grunt_dithmenos_smoke
Temple:   mainiacjoe_temple_coin_purse
Lair:1:   layout_loops_ring, serial_bayou_shore_b
Lair:2:   layout_layer_cave, minmay_snake_entry_six_corridors,
          grunt_megastairs_2, uniq_amaemon
Lair:3:   dreamdust_isle_of_ice, layout_cave_pods, minmay_shoals_entry_hut
Shoals:1: cheibrodos_shoals_epimethial_gifts, layout_shoals
Shoals:2: layout_shoals
Shoals:3: cheibrodos_shoals_satyrical_garden, layout_shoals
Shoals:4: shoals_end_hangedman, layout_shoals, uniq_polyphemus, uniq_kirke
Snake:1:  layout_layer_cave, lemuel_fruit_tree
Snake:2:  layout_misc_corridors, grunt_ministairs_15, minmay_shop_grove,
          uniq_azrael, uniq_jorgrun
Snake:3:  nicolae_aizul_guard, layout_onion, serial_bayou_shore_b,
          grunt_megastairs_3
Snake:4:  minmay_snake_end_coiled, layout_cave_town, serial_shops, shop,
          grunt_megastairs_5, uniq_louise
Orc:1:    layout_caves, mines2_david, uniq_sonja, uniq_nergalle, uniq_urug
Orc:2:    st_orc_congregation, layout_caves, portal_ice_cave_entry_imps
Depths:1: layout_basic, gammafunk_ghost_grave, columned_hall_lemuel,
          grunt_hell_entry_dis_grunt, serial_shops, bzr_entry_dummy,
          worldfamousw_hep_ancestral_shrine
Depths:2: cheibrodos_spurs, layout_basic, ashenzari_altar_1, hell_entry,
          rand_demon_pan_entry_4, nicolae_concentric_dashed_squares_mild,
          infiniplex_staircase_door_maze, uniq_josephina
Depths:3: minmay_swirls_squares, layout_cave_pools, enter_ziggurat_d,
          abyss_entry_flame_altar, grunt_pan_entry_spiral, hell_entry,
          minmay_staircase_windowed_large
Depths:4: evilmike_zot_entry_basic, layout_cave_shapes, hell_entry, pan_entry,
          serial_shops, shop, grunt_gozag_breadcrumbs, uniq_jory
Zot:1:    layout_concentric_octagons
Zot:2:    layout_gridlike, uniq_tiamat
Zot:3:    layout_misc_corridors
Zot:4:    kennysheep_spiral_hall, layout_gridlike
Zot:5:    layout_basic

Skill      XL: |  1  2  3  4  5  6  7  8  9 10 11 12 13 14 15 16 17 18 19 20 |
---------------+-------------------------------------------------------------+-----
Fighting       | 4 5 6 7 8 9 11 12 13 14 15 16 18 20 21 | 21.6
Armour         | 4 5 6 7 8 9 10 12 13 14 15 16 17 18 19 | 19.1
Shields        | 4 5 6 7 8 9 10 12 13 14 15 16 17 18 19 | 19.2
Axes           | 3 4 5 6 8 13 14 15 16 17 18 19 20 21 | 21.7
Dodging        | 1 2 3 4 5 6 7 8 9 10 11 12 | 12.9
Invocations    | 2 4 5 7 8 9 10 11 12 13 14 15 | 15.6
Evocations     | 1 2 3 4 5 6 7 8 10 11 12 | 12.3

Action                     |  1- 3 |  4- 6 |  7- 9 | 10-12 | 13-15 | 16-18 | 19-21 || total
---------------------------+-------+-------+-------+-------+-------+-------+-------++-------
  Melee: War axe           |    60 |    79 |   205 |    31 |       |       |       ||   375
         Headbutt          |    11 |    17 |    30 |    54 |   168 |   277 |   280 ||   837
         Broad axe         |       |       |       |   282 |   703 |   949 |   856 ||  2790
 Invoke: Slouch            |       |       |       |     1 |     5 |    10 |     3 ||    19
         Temporal Distorti |       |       |       |       |     2 |     1 |     1 ||     4
         Step From Time    |       |       |       |       |       |     1 |       ||     1
  Evoke: Wand              |       |       |     2 |     1 |       |     1 |     3 ||     7
         Tin of tremorston |       |       |       |       |       |     2 |       ||     2
    Use: Potion            |       |     1 |     1 |     2 |       |     9 |    13 ||    26
         Scroll            |       |     6 |     4 |     9 |     5 |    19 |    22 ||    65
   Stab: Paralysed         |       |       |     7 |     4 |       |       |       ||    11
         Distracted        |       |       |       |       |     1 |     1 |       ||     2
         Petrifying        |       |       |       |       |       |       |     1 ||     1
         Petrified         |       |       |       |       |       |       |     1 ||     1
 Armour: Scale mail        |    27 |    57 |    89 |       |       |       |       ||   173
         Plate armour      |       |       |    15 |   118 |   165 |   317 |   170 ||   785
         Gold dragon scale |       |       |       |       |       |       |   187 ||   187
  Dodge: Dodged            |    22 |    50 |    93 |   141 |   219 |   412 |   398 ||  1335
  Block: Buckler           |    10 |    27 |    67 |   112 |     4 |       |       ||   220
         Tower shield      |       |       |       |       |   892 |  1440 |  1097 ||  3429
         Reflection        |       |       |       |       |    67 |   179 |    12 ||   258
